 Dungeon Crawl Stone Soup version 0.14-a0-1168-gf5005bf (webtiles) character file.

136 Jenx the Ruinous (level 3, -1/19 HPs)
             Began as a Deep Elf Conjurer on Nov 29, 2013.
             Slain by a gnoll
             ... wielding a +0,+0 spear
              (9 damage)
             ... on Level 2 of the Dungeon.
             The game lasted 00:05:13 (932 turns).

Jenx the Ruinous (Deep Elf Conjurer)                 Turns: 932, Time: 00:05:14

HP  -1/19        AC  3     Str  5      XL: 3   Next: 51%
MP   4/9         EV 13     Int 20      God:
Gold 87          SH  0     Dex 15      Spells:  2 memorised,  2 levels left

rFire  . . .     SeeInvis .     a - +1,+2 short sword (speed)
rCold  . . .     Clarity  .     k - +0 elf robe
rNeg   . . .     Conserve .     (no shield)
rPois  .         rCorr    .     (no helmet)
rElec  .         rRot     .     l - +0 cloak
SustAb . .       Spirit   .     (no gloves)
rMut   .         Warding  .     (no boots)
Saprov . . .     Stasis   .     (no amulet)
                                (no ring)
                                (no ring)

@: slightly resistant to hostile enchantments, fairly stealthy
A: no striking features
a: no special abilities


You were on level 2 of the Dungeon.
You were not hungry.

You visited 1 branch of the dungeon, and saw 2 of its levels.

You collected 87 gold pieces.

Inventory:

Hand weapons
 a - a +1,+2 short sword of speed (weapon)
Missiles
 o - 4 tomahawks (quivered)
Armour
 k - a +0 elven robe (worn)
 l - a +0 cloak (worn)
 p - a +0 orcish buckler
Comestibles
 b - 2 bread rations
 d - a meat ration
 n - a chunk of giant gecko flesh
 q - an apple
Scrolls
 e - a scroll of curse weapon {unknown}
 g - a scroll of blinking {unknown}
 h - a scroll of amnesia {unknown}
 i - a scroll of random uselessness {unknown}
 j - a scroll of noise {unknown}
 m - a scroll of fog {unknown}
 s - a scroll of immolation {unknown}
Potions
 f - a potion of brilliance {unknown}
 r - a potion of heal wounds {unknown}
Books
 c - a book of Conjurations

   Spells                             Type                      Level
   *Magic Dart                        Conjuration                  1
   *Searing Ray                       Conjuration                  2
   Dazzling Spray                     Conjuration/Hexes            3
   Iskenderun's Mystic Blast          Conjuration                  4
   Iskenderun's Battlesphere          Conjuration/Charms           4
   Fulminant Prism                    Conjuration/Hexes            5


   Skills:
 - Level 2.4 Dodging
 - Level 2.4 Stealth
 - Level 1.5 Spellcasting
 * Level 5.8 Conjurations


You had 2 spell levels left.
You knew the following spells:

 Your Spells              Type           Power        Failure   Level  Hunger
a - Magic Dart            Conj           ####         1%          1    #......
b - Searing Ray           Conj           ####..       2%          2    ###....


Dungeon Overview and Level Annotations

Branches:
Dungeon (2/16)

Altars:


Message History

The gnoll hits you from afar with a glowing spear.
The gnoll burns you. 2 gnolls come into view.
The searing ray hits the gnoll.
The gnoll is almost dead.
The gnoll moves out of view.
The searing ray hits the gnoll.
You kill the gnoll!
The searing ray hits the gnoll.
The gnoll is almost dead.
The gnoll barely misses you.
The gnoll hits you from afar with a spear.
The gnoll hits you from afar with a spear.
The gnoll shouts!
Casting: Searing Ray
Confirm with . or Enter, or press ? or * to list all spells.
You don't know that spell.
Unknown command.
The gnoll hits you from afar with a spear!
You die...

.#.#.####....# ###
...#.........###.##
.................<#
........#........##
...#.#..#.#.###..########
....#.....#.............#
...#.#..#.#####.........#
.#.#..............####..##
.#.###..#.######@.gg))...#
..........## #...###..[#
...........# #.g.# #...#
........#..# #...# #...#
..####...).####..... ....#
..####.....#.......###..gg
...)................ ..l..#
..####.....#.###.#.####...#
.. #...(.#.# #.#.# .


You could see 3 gnolls.

Vanquished Creatures
  A gnoll (D:2)
  2 giant geckos (D:2)
  A ball python (D:1)
  4 bats
  2 giant cockroaches
  6 hobgoblins
  4 kobolds
  A quokka (D:2)
  4 giant newts
  4 goblins
  4 rats
33 creatures vanquished.

Notes
Turn   | Place    | Note
--------------------------------------------------------------
     0 | D:1      | Jenx, the Deep Elf Conjurer, began the quest for the Orb.
     0 | D:1      | Reached XP level 1. HP: 10/10 MP: 4/4
   271 | D:1      | Reached XP level 2. HP: 13/15 MP: 1/6
   274 | D:1      | Reached skill level 5 in Conjurations
   278 | D:1      | Learned a level 2 spell: Searing Ray
   761 | D:2      | Reached XP level 3. HP: 10/19 MP: 0/9
   932 | D:2      | Slain by a gnoll

Action                   || total
-------------------------++-------
Melee: Short sword       ||    37
 Cast: Magic Dart        ||    32
       Searing Ray       ||     3
